 Dungeon Crawl Stone Soup version 0.20-a0-433-g9e36e56 (webtiles) character file.

56 Faca the Shield-Bearer (level 4, 0/37 HPs)
             Began as a Formicid Fighter on Jan 3, 2017.
             Slain by a gnoll (4 damage)
             ... on level 2 of the Dungeon.
             The game lasted 00:02:50 (1380 turns).

Faca the Shield-Bearer (Formicid Fighter)           Turns: 1380, Time: 00:02:50

Health: 0/37       AC:  7    Str: 21    XL:     4   Next: 17%
Magic:  4/4        EV:  8    Int:  7    God:
Gold:   102        SH: 10    Dex: 11    Spells: 3/3 levels left

rFire  . . .     SeeInvis +     a - +0 long sword
rCold  . . .     Gourm    .     b - +0 scale mail
rNeg   . . .     Faith    .     c - +1 shield
rPois  .         Spirit   .     (helmet unavailable)
rElec  .         Reflect  .     (no cloak)
rCorr  .         Harm     .     (no gloves)
MR     .....                    (no boots)
Stlth  ..........               (no amulet)
                                (no ring)
                                (no ring)

@: no status effects
A: permanent stasis, dig shafts and tunnels, four strong arms, antennae 3
a: Dig, Shaft Self


You were on level 2 of the Dungeon.
You were not hungry.

You visited 1 branch of the dungeon, and saw 2 of its levels.

You collected 102 gold pieces.

Inventory:

Hand Weapons
 a - a +0 long sword (weapon)
Armour
 b - a +0 scale mail (worn)
 c - a +1 shield (worn)
Scrolls
 e - a scroll of recharging
Potions
 d - 4 potions of might
 i - a potion of curing
 j - a potion of flight {unknown}
 k - a potion of lignification {unknown}
 l - 2 potions of cancellation {unknown}
Comestibles
 f - 2 bread rations
 h - 7 fruits
 m - a beef jerky


   Skills:
 + Level 3.7 Fighting
 + Level 2.7 Long Blades
 + Level 3.7 Armour
 + Level 4.4 Shields


You had 3 spell levels left.
You didn't know any spells.

Dungeon Overview and Level Annotations

Branches:
Dungeon (2/15)

Altars:
Sif Muna


Innate Abilities, Weirdness & Mutations

You cannot be hasted, slowed, berserked, paralysed or teleported.
You can dig through walls and to a lower floor.
Your four strong arms can wield two-handed weapons with a shield.
You have a pair of large antennae on your head. (SInv)


Message History

The gnoll is severely wounded.
The gnoll closely misses you.
You hit the gnoll but do no damage.
The gnoll is severely wounded.
The gnoll completely misses you. The gnoll closely misses you.
You hit the gnoll.
The gnoll is almost dead.
You block the gnoll's attack.
You barely miss the gnoll.
The gnoll is almost dead.
The gnoll hits you.
* * * LOW HITPOINT WARNING * * *
Your shield and scale mail prevent you from hitting the gnoll.
The gnoll is almost dead.
The gnoll hits you.
* * * LOW HITPOINT WARNING * * *
Your shield and scale mail prevent you from hitting the gnoll.
The gnoll is almost dead.
The gnoll hits you.
You die...

#.###.#...####.#
#..........
#...|.##### #.#
#..........
#..#### #.#
#.......... #..#
.. #.#
#.......... #..#
##. #.#
#.......... #.##
.... #.#
#.......... ###
#.... #.#
#.......... {
#....g##.#
#..........
#....gg@.#
###########
##....#### #...
#.. #. #


You could see 3 gnolls.

Vanquished Creatures
  An adder (D:2)
  An ooze (D:1)
  2 worms (D:2)
  2 dart slugs (D:1)
  A leopard gecko (D:2)
  4 bats (D:1)
  2 giant cockroaches (D:1)
  4 goblins (D:1)
  4 hobgoblins
  2 quokkas (D:2)
  3 frilled lizards (D:1)
  2 kobolds (D:1)
  5 rats
33 creatures vanquished.

Notes
Turn   | Place    | Note
-------+----------+-------------------------------------------
     0 | D:1      | Faca the Formicid Fighter began the quest for the Orb.
     0 | D:1      | Reached XP level 1. HP: 18/18 MP: 1/1
   186 | D:1      | Reached XP level 2. HP: 24/24 MP: 2/2
   357 | D:1      | Reached skill level 4 in Shields
   357 | D:1      | Reached XP level 3. HP: 29/29 MP: 3/3
  1207 | D:2      | Found a deep blue altar of Sif Muna.
  1304 | D:2      | Reached XP level 4. HP: 29/36 MP: 4/4
  1380 | D:2      | Slain by a gnoll

Vault maps used:
D:1:      dpeg_arrival_three_same_balls, minmay_misc_feat_x
D:2:      led_sif_pool

Skill      XL: |  1  2 |
---------------+-------+-----
Shields        | 4 |  4.4
Fighting       | |  3.7
Long Blades    | |  2.7
Armour         | |  3.7

Action                   |  1- 3 |  4- 6 || total
-------------------------+-------+-------++-------
Melee: Long sword        |   117 |    25 ||   142
  Use: Scroll            |     8 |       ||     8
  Eat: Meat ration       |     1 |       ||     1
Armor: Scale mail        |    58 |     1 ||    59
Dodge: Dodged            |    44 |     8 ||    52
Block: Shield            |    56 |    10 ||    66
       Rpst.: Long sword |    12 |     1 ||    13
